 Dungeon Crawl Stone Soup version 0.31-a0-431-g88bdf31460 (webtiles) character file.

Game seed: 14343421835911935435

53 Flugkiller the Changeling (level 3, 0/21 HPs)
             Began as a Deep Elf Shapeshifter on July 31, 2023.
             Was a Believer of Vehumet.
             Slain by a goblin
             ... wielding a +0 club
             ... led by Robin
              (2 damage)
             ... on level 2 of the Dungeon.
             The game lasted 00:01:38 (1200 turns).

Flugkiller the Changeling (Deep Elf Shapeshifter)   Turns: 1200, Time: 00:01:39

Health: 0/21       AC:  5    Str: 12    XL:     3   Next: 64%
Magic:  7/7        EV: 11    Int: 14    God:    Vehumet [**....]
Gold:   111        SH:  0    Dex: 15    Spells: 3/5 levels left

rFire   . . .        d - staff of earth
rCold   . . .        (no shield)
rNeg    . . .        n - +0 ring mail
rPois   .            (helmet currently unavailable)
rElec   .            (cloak currently unavailable)
rCorr   .            (gloves currently unavailable)
SInv    .            (boots currently unavailable)
Will    .....        (no amulet)
Stlth   +            (no ring)
HPRegen 0.23/turn    (no ring)
MPRegen 0.10/turn

%: no passive effects
@: beast-form
A: beast (slay +2)
a: Begin Untransformation, Renounce Religion


You were on level 2 of the Dungeon.
You worshipped Vehumet.
Vehumet was pleased with you.
You were a hulking beast.
You visited 1 branch of the dungeon, and saw 2 of its levels.

You collected 111 gold pieces.

Inventory:

Hand Weapons
 q - the +1 dagger "Zutun" {vamp, Will+ SInv Stlth+}
   (You found it on level 2 of the Dungeon)

   SInv:      It lets you see invisible.
   Will:      It increases your willpower.
   Stlth:     It makes you more stealthy.
Armour
 a - a +0 animal skin
 n - a +0 ring mail (worn)
   (You found it on level 1 of the Dungeon)
Magical Staves
 d - a staff of earth (weapon)
   (You found it on level 1 of the Dungeon)
Jewellery
 l - an amulet of the acrobat
   (You found it on level 1 of the Dungeon)
 p - a ring of flight
   (You found it on level 2 of the Dungeon)
Talismans
 c - a beast talisman (active)
Scrolls
 e - a scroll of teleportation {unknown}
 g - a scroll of identify {unknown}
 o - a scroll of noise {unknown}
Potions
 b - a potion of lignification
 f - a potion of might {unknown}
 h - 2 potions of invisibility {unknown}
 i - a potion of heal wounds {unknown}
 j - a potion of degeneration {unknown}
 k - 2 potions of attraction {unknown}
 m - a potion of brilliance {unknown}


   Skills:
 - Level 2.0 Fighting
 + Level 1.2 Staves
 - Level 2.4 Dodging
 - Level 2.4 Unarmed Combat
 - Level 1.6 Spellcasting
 - Level 1.3 Earth Magic
 - Level 3.2 Shapeshifting


You had 3 spell levels left.
You knew the following spells:

 Your Spells              Type           Power      Damage    Failure   Level
a - Scorch                Fire           2%         2d5       65%         2

Your spell library contained the following spells:

 Spells                   Type           Power      Damage    Failure   Level
 Gell's Gravitas          Tloc           1%         N/A       86%         3
 Teleport Other           Tloc           1%         N/A       86%         3
 Dispersal                Tloc           0%         N/A       100%        6


Dungeon Overview and Level Annotations

Branches:
Dungeon (2/15) Zot: 10790

Altars:
Vehumet

Annotations:
D:2 Robin


Message History

Found an escape hatch in the floor.
The kobold shouts!
You hear an angry hiss.
The bat closely misses you.
The kobold moves out of view.
You closely miss the bat. You hit the bat!
You kill the bat!
Vehumet accepts your kill.
Your Staves skill increases to level 1!
An orc comes into view. It is wielding a +0 flail.
The kobold hits you with a +0 whip.
You hit the kobold.
You kill the kobold!
Vehumet accepts your kill.
You hit the orc. You closely miss the orc.
The orc is almost dead.
The orc hits you with a +0 flail!
You are too injured to fight recklessly!
You are too injured to fight recklessly!
You hit the orc but do no damage. You closely miss the orc.
The orc is almost dead.
The orc completely misses you.
A frilled lizard comes into view.
The frilled lizard hisses angrily.
You hit the orc.
You kill the orc!
Vehumet accepts your kill.
You hear an angry hiss.
An adder comes into view.
Training target 2.0 for Fighting reached!
Your Fighting skill increases to level 2!
You see here an adder corpse.
You don't know any spells.
Okay, then.
You hit the adder. You miss the adder.
The adder is heavily wounded.
The adder misses you.
You closely miss the adder. You hit the adder.
The adder is heavily wounded.
The adder barely misses you. The adder bites you but does no damage.
You barely miss the adder. You hit the adder.
The adder is almost dead.
The adder misses you.
You hit the adder.
You kill the adder!
Vehumet accepts your kill.
You see here an adder corpse.
You closely miss the frilled lizard. You barely miss the frilled lizard.
Your punch misses the frilled lizard. The frilled lizard closely misses you.
You barely miss the frilled lizard. You closely miss the frilled lizard.
The frilled lizard closely misses you.
You hit the frilled lizard!
You kill the frilled lizard!
Vehumet accepts your kill. Vehumet offers you knowledge of Scorch.
Okay, then.
You start resting.
HP restored.
You see here an adder corpse.
You open the door.
There is an open door here.
p - a ring of flight You see here an orb of guile.
You open the door.
There is an open door here.
Found a dagger.
Found a steaming dagger.
You now have 111 gold pieces (gained 17).
This spell is extremely dangerous to cast!
Memorise Scorch, consuming 2 spell levels and leaving 3?
Vehumet grants you knowledge of Scorch.
You start memorising the spell.
You continue memorising. x2
You finish memorising.
You add the spell Scorch to your library.
Spell assigned to 'a'.
Found a scroll labelled ICREWK ETAXT.
A hobgoblin comes into view.
It is wielding a +0 spear and quivering poisoned darts.
The hobgoblin shouts!
You hear a shout!
You see here the +1 dagger "Zutun" {vamp, Will+ SInv Stlth+}.
q - the +1 dagger "Zutun" {vamp, Will+ SInv Stlth+} The hobgoblin throws a poisoned dart.
The poisoned dart misses you.
A goblin comes into view. It is wielding a +0 club.
The hobgoblin throws a poisoned dart.
The poisoned dart closely misses you.
A hobgoblin comes into view.
A hobgoblin comes into view.
The hobgoblin shouts! x2; The goblin shouts!
You hear a shout!
Robin of the Strong Arm comes into view.
They are wielding a +0 whip and carrying a wand of flame.
The goblin unwields a +0 club.
The goblin wields a +0 sling.
The goblin shoots a sling bullet.
The sling bullet hits you.
A goblin comes into view. It is wielding a +0 dagger.
The hobgoblin hits you from afar with a +0 spear.
Robin roars a battlecry!
The goblins go into a battle-frenzy!
The hobgoblin hits you with a +0 spear.
The goblin shoots a sling bullet.
The sling bullet hits you.
You are too injured to fight recklessly!
The hobgoblin attacks as you move away! The hobgoblin hits you with a +0 spear!
* * * LOW HITPOINT WARNING * * *
Robin throws the goblin at you! The hobgoblin closely misses you.
The goblin unwields a +0 sling.
The goblin wields a +0 club.
The goblin hits you with a +0 club.
You die...

#...# #.g.#
8...8 #.g.#
#..g# ##.g.##
#8g..8# ## #...#
##
8###8##.hg##8###
................
................
................
8###8##...##8###
####..)####
#8...8# ##...##
#...# .......


You could see Robin, 3 hobgoblins and 2 goblins.

Vanquished Creatures
  2 adders (D:2)
  An orc (D:2)
  2 ball pythons
  2 bats (D:2)
  5 endoplasms
  A giant cockroach (D:2)
  5 goblins
  5 kobolds
  2 quokkas
  2 frilled lizards
  4 rats
31 creatures vanquished.

Notes
Turn   | Place    | Note
-------+----------+-------------------------------------------
     0 | D:1      | Flugkiller the Deep Elf Shapeshifter began the quest for
                  | the Orb.
     0 | D:1      | Reached XP level 1. HP: 11/11 MP: 3/3
    27 | D:1      | Reached skill level 1 in Fighting
   185 | D:1      | Found a faded altar of an unknown god.
   326 | D:1      | Prayed at the altar of an unknown god.
   326 | D:1      | Became a worshipper of Vehumet
   326 | D:1      | Reached * piety under Vehumet
   326 | D:1      | Offered knowledge of Sandblast by Vehumet.
   423 | D:1      | Reached XP level 2. HP: 16/16 MP: 4/4
   966 | D:2      | Reached skill level 1 in Spellcasting
  1037 | D:2      | Reached skill level 1 in Earth Magic
  1037 | D:2      | Reached XP level 3. HP: 21/21 MP: 6/6
  1058 | D:2      | Reached skill level 1 in Staves
  1091 | D:2      | Reached ** piety under Vehumet
  1091 | D:2      | Offered knowledge of Scorch by Vehumet.
  1190 | D:2      | Learned a level 2 spell: Scorch
  1195 | D:2      | Identified the +1 dagger "Zutun" {vamp, Will+ SInv Stlth+}
  1198 | D:2      | Noticed Robin
  1200 | D:2      | HP: 1/21 [hobgoblin/+0 spear[Robin] (10)]
  1200 | D:2      | Slain by a goblin

Illustrated notes

Levels and vault maps discovered:
D:1:      dreamdust_arrival_beginning_and_end, layout_loops_ring,
          ebering_ecumenical_altar_hall, minmay_tall_x
D:2:      layout_basic, basic_altar, serial_corexii_hall,
          corexii_hall_statues_x, chequers_hall_statues_corner_a,
          corexii_hall_statues_x, corexii_hall_statues_t, uniq_robin

Skill      XL: |  1  2  3 |
---------------+----------+-----
Fighting       | 1 2 |  2.0
Spellcasting   | 1 |  1.6
Earth Magic    | 1 |  1.3
Staves         | 1 |  1.2
Dodging        | |  2.4
Unarmed Combat | |  2.4
Shapeshifting  | |  3.2

Action                     || total
---------------------------++-------
  Melee: Unarmed           ||    10
         Staff             ||    86
         Punch             ||     1
 Armour: Ring mail         ||    12
  Dodge: Dodged            ||    46

Table legend: (Time is in decaauts)
 A = Elapsed time spent in this place.
 B = Non-inter-level travel time spent in this place.
 C = Inter-level travel time spent in this place.
 D = Time resting spent in this place.
 E = Time spent auto-exploring this place.
 F = Levels seen in this place.
 G = Mean time per level.
                   A        B        C        D        E       F      G
               +--------+--------+--------+--------+--------+-----+--------+
         Total |   1208 |   1137 |     71 |     67 |    835 |   2 |  604.0 |
       Dungeon |   1208 |   1137 |     71 |     67 |    835 |   2 |  604.0 |
               +--------+--------+--------+--------+--------+-----+--------+

Top non-repeatable levels by time:
     D:1: 793 daAuts
     D:2: 414 daAuts
